3147 views
Uploaded 2020-04-18 23:49:53
Game version 1.32.3
32:51 long 1on1 ladder game on (2)Dalaran
Saved by BEARAND
3147 views
Uploaded 2020-04-18 23:49:53
Game version 1.32.3
32:51 long 1on1 ladder game on (2)Dalaran

26 units @ 3.4k
/ 0.4k
110 buildings @ 5.3k
/ 3.1k



| Scroll of Regeneration | 4 | 400 |
| Potion of Healing | 3 | 450 |
| Potion of Mana | 1 | 200 |
| Staff of Sanctuary | 3 | 750 |
| Orb of Fire | 2 | 650 |
| Boots of Speed | 3 | 750 |
| Staff of Teleportation | 3 | 450 |
| total: | 19 | 3650g |
| Peasant | 17 | 1275 | / | 0 |
| Priest | 1 | 135 | / | 10 |
| Dragonhawk Rider | 5 | 1000 | / | 150 |
| Goblin Zeppelin | 1 | 240 | / | 60 |
| Goblin Shredder | 2 | 750 | / | 200 |
| total: | 26 | 3400g | / | 420w |
| Scout Tower | 94 | 2820 | / | 1880 |
| Arcane Tower | 7 | 490 | / | 350 |
| Guard Tower | 64 | 4480 | / | 3200 |
| Altar of Kings | 1 | 180 | / | 50 |
| Farm | 5 | 400 | / | 100 |
| Lumber Mill | 1 | 120 | / | 0 |
| Arcane Vault | 2 | 260 | / | 60 |
| Town Hall | 2 | 770 | / | 410 |
| Blacksmith | 1 | 140 | / | 60 |
| Barracks | 1 | 160 | / | 60 |
| Arcane Sanctum | 1 | 150 | / | 140 |
| Gryphon Aviary | 2 | 280 | / | 300 |
| Keep | 1 | 320 | / | 210 |
| Castle | 1 | 360 | / | 210 |
| total: | 110 | 5280g | / | 3060w |
| 0:02 | Peasant |
| 0:02 | Peasant |
| 0:02 | Peasant |
| 0:12 | Altar of Kings |
| 0:18 | Farm |
| 0:20 | Peasant |
| 0:24 | Lumber Mill |
| 0:30 | Scout Tower |
| 0:41 | Peasant |
| 0:52 | Peasant |
| 0:59 | Peasant |
| 1:17 | Scout Tower |
| 1:20 | Farm |
| 1:23 | Arcane Vault |
| 1:26 | Peasant |
| 1:35 | Peasant |
| 1:53 | Peasant |
| 1:54 | Arcane Tower |
| 1:56 | Peasant |
| 1:59 | Peasant |
| 2:09 | Blizzard |
| 2:14 | Guard Tower |
| 2:15 | Scout Tower |
| 2:46 | Peasant |
| 2:47 | Peasant |
| 2:49 | Scout Tower |
| 2:58 | Brilliance Aura |
| 3:13 | Guard Tower |
| 3:15 | Scroll of Regeneration |
| 3:17 | Guard Tower |
| 3:18 | Scout Tower |
| 3:20 | Scout Tower |
| 3:35 | Scroll of Regeneration |
| 3:46 | Guard Tower |
| 3:51 | Peasant |
| 3:51 | Peasant |
| 4:44 | Guard Tower |
| 5:22 | Town Hall |
| 5:25 | Scout Tower |
| 5:25 | Scout Tower |
| 5:26 | Scout Tower |
| 5:26 | Scout Tower |
| 5:41 | Boots of Speed |
| 5:41 | Staff of Teleportation |
| 5:53 | Arcane Tower |
| 6:12 | Guard Tower |
| 6:14 | Scout Tower |
| 6:22 | Blizzard |
| 6:37 | Keep |
| 6:38 | Guard Tower |
| 6:49 | Guard Tower |
| 7:07 | Peasant |
| 7:19 | Farm |
| 7:20 | Farm |
| 7:21 | Farm |
| 7:29 | Scout Tower |
| 7:29 | Scout Tower |
| 7:58 | Scroll of Regeneration |
| 8:10 | Scout Tower |
| 8:10 | Scout Tower |
| 8:10 | Scout Tower |
| 8:27 | Guard Tower |
| 8:28 | Scout Tower |
| 8:30 | Scout Tower |
| 8:35 | Improved Masonry |
| 8:37 | Scroll of Regeneration |
| 8:56 | Guard Tower |
| 9:09 | Potion of Healing |
| 9:09 | Potion of Healing |
| 9:31 | Goblin Zeppelin |
| 9:31 | Goblin Shredder |
| 9:37 | Guard Tower |
| 10:00 | Potion of Healing |
| 10:00 | Potion of Mana |
| 10:02 | Storm Bolt |
| 10:07 | Guard Tower |
| 10:07 | Guard Tower |
| 10:40 | Castle |
| 10:43 | Arcane Sanctum |
| 11:16 | Scout Tower |
| 11:16 | Scout Tower |
| 11:17 | Scout Tower |
| 11:17 | Scout Tower |
| 11:18 | Scout Tower |
| 11:18 | Scout Tower |
| 11:19 | Bash |
| 11:28 | Arcane Vault |
| 11:36 | Gryphon Aviary |
| 11:37 | Gryphon Aviary |
| 12:15 | Boots of Speed |
| 12:16 | Staff of Teleportation |
| 12:30 | Advanced Masonry |
| 12:32 | Magic Sentry |
| 12:32 | Priest |
| 12:35 | Scout Tower |
| 12:35 | Scout Tower |
| 12:36 | Scout Tower |
| 12:37 | Scout Tower |
| 12:37 | Scout Tower |
| 12:38 | Scout Tower |
| 12:38 | Scout Tower |
| 12:38 | Scout Tower |
| 12:39 | Scout Tower |
| 12:39 | Scout Tower |
| 12:55 | Dragonhawk Rider |
| 12:55 | Dragonhawk Rider |
| 13:03 | Staff of Sanctuary |
| 13:24 | Arcane Tower |
| 13:26 | Dragonhawk Rider |
| 13:36 | Dragonhawk Rider |
| 13:38 | Blacksmith |
| 13:41 | Barracks |
| 13:46 | Guard Tower |
| 13:58 | Imbued Masonry |
| 14:08 | Holy Light |
| 14:10 | Staff of Sanctuary |
| 14:15 | Boots of Speed |
| 14:17 | Staff of Teleportation |
| 14:32 | Guard Tower |
| 14:43 | Guard Tower |
| 14:46 | Cloud |
| 14:48 | Priest Adept Training |
| 16:06 | Animal War Training |
| 16:08 | Guard Tower |
| 16:10 | Scout Tower |
| 16:11 | Scout Tower |
| 16:11 | Scout Tower |
| 16:11 | Scout Tower |
| 16:12 | Scout Tower |
| 16:12 | Scout Tower |
| 16:12 | Scout Tower |
| 16:13 | Scout Tower |
| 16:13 | Scout Tower |
| 16:14 | Scout Tower |
| 16:19 | Scout Tower |
| 16:19 | Scout Tower |
| 16:20 | Scout Tower |
| 16:20 | Scout Tower |
| 16:20 | Scout Tower |
| 16:21 | Scout Tower |
| 16:27 | Iron Forged Swords |
| 16:28 | Studded Leather Armor |
| 17:16 | Brilliance Aura |
| 17:21 | Divine Shield |
| 17:52 | Scout Tower |
| 17:52 | Scout Tower |
| 17:52 | Scout Tower |
| 17:53 | Scout Tower |
| 17:53 | Scout Tower |
| 17:53 | Scout Tower |
| 17:54 | Scout Tower |
| 17:59 | Staff of Sanctuary |
| 18:07 | Guard Tower |
| 18:12 | Scout Tower |
| 18:13 | Scout Tower |
| 18:14 | Scout Tower |
| 18:14 | Scout Tower |
| 18:15 | Scout Tower |
| 18:15 | Scout Tower |
| 18:16 | Scout Tower |
| 18:23 | Steel Forged Swords |
| 18:25 | Guard Tower |
| 18:36 | Orb of Fire |
| 18:51 | Black Gunpowder |
| 18:54 | Reinforced Leather Armor |
| 19:34 | Guard Tower |
| 19:34 | Guard Tower |
| 19:35 | Guard Tower |
| 19:38 | Scout Tower |
| 19:39 | Scout Tower |
| 19:39 | Scout Tower |
| 19:39 | Scout Tower |
| 19:40 | Scout Tower |
| 19:40 | Scout Tower |
| 19:41 | Scout Tower |
| 19:41 | Scout Tower |
| 19:42 | Guard Tower |
| 19:43 | Guard Tower |
| 19:57 | Guard Tower |
| 19:57 | Guard Tower |
| 19:58 | Arcane Tower |
| 20:06 | Guard Tower |
| 20:06 | Arcane Tower |
| 20:28 | Storm Bolt |
| 21:00 | Guard Tower |
| 21:30 | Guard Tower |
| 21:36 | Guard Tower |
| 22:12 | Holy Light |
| 22:31 | Town Hall |
| 22:33 | Scout Tower |
| 22:33 | Scout Tower |
| 22:34 | Scout Tower |
| 22:34 | Scout Tower |
| 22:36 | Scout Tower |
| 22:36 | Scout Tower |
| 22:37 | Scout Tower |
| 22:37 | Scout Tower |
| 22:38 | Scout Tower |
| 22:39 | Scout Tower |
| 22:39 | Scout Tower |
| 22:40 | Scout Tower |
| 22:41 | Scout Tower |
| 22:42 | Scout Tower |
| 22:42 | Scout Tower |
| 22:43 | Scout Tower |
| 22:43 | Scout Tower |
| 22:49 | Dragonhide Armor |
| 23:06 | Guard Tower |
| 23:06 | Guard Tower |
| 23:25 | Guard Tower |
| 23:39 | Guard Tower |
| 23:39 | Guard Tower |
| 23:39 | Guard Tower |
| 23:41 | Arcane Tower |
| 24:16 | Guard Tower |
| 24:17 | Guard Tower |
| 24:31 | Guard Tower |
| 24:34 | Guard Tower |
| 24:58 | Guard Tower |
| 25:18 | Guard Tower |
| 25:18 | Guard Tower |
| 25:50 | Guard Tower |
| 26:25 | Goblin Shredder |
| 27:34 | Orb of Fire |
| 28:54 | Dragonhawk Rider |
| 29:06 | Storm Hammers |
| 29:08 | Mithril Forged Swords |
| 31:50 | Scout Tower |
| 31:51 | Scout Tower |
| 31:51 | Scout Tower |
| 31:52 | Scout Tower |
| 31:52 | Scout Tower |
| Right click | 2323 |
| Select | 794 |
| Chat | 577 |
| Select group | 527 |
| Build/train/purchase | 220 |
| Use ability | 122 |
| Misc. action | 50 |
| Assign group | 23 |
| Item give/drop | 10 |
| Remove unit | 2 |
52 units @ 8k
/ 1.3k
28 buildings @ 5k
/ 2.1k


| Orb of Venom | 2 | 650 |
| Boots of Speed | 1 | 250 |
| Circlet of Nobility | 1 | 175 |
| Scroll of Protection | 1 | 150 |
| total: | 5 | 1225g |
| Wisp | 22 | 1320 | / | 0 |
| Archer | 6 | 780 | / | 60 |
| Huntress | 7 | 1365 | / | 140 |
| Glaive Thrower | 4 | 840 | / | 260 |
| Dryad | 2 | 290 | / | 120 |
| Chimaera | 9 | 2970 | / | 630 |
| Druid of the Claw | 1 | 255 | / | 80 |
| Forest Troll Shadow Priest | 1 | 195 | / | 10 |
| total: | 52 | 8015g | / | 1300w |
| Ancient Protector | 3 | 405 | / | 240 |
| Altar of Elders | 1 | 180 | / | 50 |
| Moon Well | 14 | 2520 | / | 560 |
| Ancient of War | 2 | 300 | / | 120 |
| Hunter's Hall | 1 | 210 | / | 100 |
| Ancient of Wonders | 1 | 90 | / | 30 |
| Tree of Life | 2 | 680 | / | 370 |
| Ancient of Lore | 2 | 310 | / | 290 |
| Chimaera Roost | 2 | 280 | / | 380 |
| Tree of Ages | 1 | 320 | / | 180 |
| Tree of Eternity | 1 | 330 | / | 200 |
| total: | 28 | 4975g | / | 2140w |
| 0:04 | Altar of Elders |
| 0:06 | Moon Well |
| 0:07 | Wisp |
| 0:08 | Wisp |
| 0:24 | Ancient of War |
| 0:36 | Wisp |
| 0:49 | Wisp |
| 1:13 | Wisp |
| 1:26 | Archer |
| 1:28 | Archer |
| 1:46 | Moon Well |
| 2:03 | Wisp |
| 2:04 | Wisp |
| 2:16 | Force of Nature |
| 3:12 | Archer |
| 3:16 | Hunter's Hall |
| 3:18 | Wisp |
| 3:18 | Wisp |
| 3:29 | Wisp |
| 4:08 | Thorns Aura |
| 5:12 | Moon Well |
| 5:15 | Moon Well |
| 5:19 | Ancient Protector |
| 5:23 | Huntress |
| 5:24 | Huntress |
| 5:32 | Moon Armor |
| 5:34 | Tree of Ages |
| 5:43 | Ancient of Wonders |
| 5:53 | Huntress |
| 6:00 | Ancient of War |
| 6:15 | Moon Well |
| 6:29 | Huntress |
| 6:52 | Strength of the Moon |
| 7:15 | Moon Well |
| 7:17 | Huntress |
| 7:21 | Huntress |
| 8:13 | Ancient Protector |
| 8:16 | Wisp |
| 8:16 | Wisp |
| 8:16 | Wisp |
| 8:32 | Moon Glaive |
| 8:35 | Improved Bows |
| 8:36 | Improved Moon Armor |
| 8:41 | Vorpal Blades |
| 9:09 | Archer |
| 9:11 | Archer |
| 9:17 | Wisp |
| 9:18 | Wisp |
| 9:46 | Ancient Protector |
| 9:58 | Thorns Aura |
| 10:28 | Improved Strength of the Moon |
| 11:10 | Trueshot Aura |
| 11:11 | Glaive Thrower |
| 11:12 | Glaive Thrower |
| 11:19 | Moon Well |
| 11:34 | Moon Well |
| 11:53 | Force of Nature |
| 12:41 | Glaive Thrower |
| 12:43 | Glaive Thrower |
| 13:12 | Tree of Eternity |
| 13:32 | Tree of Life |
| 13:43 | Tree of Life |
| 14:02 | Huntress |
| 14:30 | Forest Troll Shadow Priest |
| 16:06 | Wisp |
| 16:06 | Wisp |
| 16:07 | Wisp |
| 16:08 | Wisp |
| 16:18 | Ancient of Lore |
| 16:20 | Ancient of Lore |
| 16:27 | Wisp |
| 16:28 | Wisp |
| 16:34 | Moon Well |
| 16:35 | Moon Well |
| 16:36 | Moon Well |
| 16:50 | Boots of Speed |
| 16:57 | Circlet of Nobility |
| 17:09 | Scroll of Protection |
| 17:57 | Dryad |
| 17:57 | Abolish Magic |
| 18:02 | Wisp |
| 18:15 | Chimaera Roost |
| 18:22 | Moon Well |
| 18:22 | Moon Well |
| 18:23 | Moon Well |
| 18:38 | Marksmanship |
| 18:49 | Advanced Moon Armor |
| 19:40 | Dryad |
| 20:09 | Advanced Strength of the Moon |
| 20:12 | Orb of Venom |
| 20:22 | Corrosive Breath |
| 20:22 | Chimaera |
| 20:34 | Chimaera Roost |
| 21:27 | Chimaera |
| 21:40 | Archer |
| 21:53 | Druid of the Claw Adept Training |
| 21:53 | Druid of the Claw |
| 22:33 | Chimaera |
| 23:15 | Chimaera |
| 24:19 | Chimaera |
| 25:17 | Chimaera |
| 26:13 | Chimaera |
| 27:17 | Chimaera |
| 28:09 | Reinforced Hides |
| 28:13 | Strength of the Wild |
| 29:45 | Orb of Venom |
| 31:16 | Chimaera |
| Right click | 468 |
| Select | 342 |
| Select group | 190 |
| Chat | 126 |
| Build/train/purchase | 85 |
| Use ability | 17 |
| Assign group | 8 |
| Item give/drop | 2 |
| Esc | 1 |
โ